 Dungeon Crawl Stone Soup version 0.16.0-16-g311141a (console) character file.

95 gw the Insei (level 4, 0/40 HPs)
             Began as a Hill Orc Monk on Mar 20, 2015.
             Was a Believer of Beogh.
             Slain by ZombieSheep's ghost (3 damage)
             ... on level 3 of the Dungeon.
             The game lasted 00:02:48 (2340 turns).

gw the Insei (Hill Orc Monk)                        Turns: 2340, Time: 00:02:48

Health: 0/40       AC:  6    Str: 13    XL:     4   Next: 65%
Magic:  4/4        EV: 11    Int: 10    God:    Beogh [**....]
Gold:   157        SH:  0    Dex: 14    Spells: 0 memorised, 3 levels left

rFire  . . .     SeeInvis .       - Unarmed
rCold  . . .     Clarity  .     e - +0 ring mail
rNeg   . . .     SustAb   .     (no shield)
rPois  .         Gourm    .     h - +0 helmet
rElec  .         Spirit   .     (no cloak)
rCorr  .         Warding  .     (no gloves)
rMut   .         Stasis   .     (no boots)
MR     .....                    (no amulet)
Stlth  +.........               (no ring)
                                (no ring)

@: lethally poisoned (0 -> -30), not resistant to hostile enchantments, very
unstealthy
A: no striking features
a: Smiting, Renounce Religion


You were on level 3 of the Dungeon.
You worshipped Beogh.
Beogh was pleased with you.
You were not hungry.

You visited 1 branch of the dungeon, and saw 3 of its levels.

You collected 157 gold pieces.

Inventory:

Missiles
 a - 2 curare-tipped needles
 f - 63 stones
 j - 2 tomahawks (quivered)
Armour
 e - a +0 ring mail (worn)
 h - a +0 helmet (worn)
Magical devices
 i - a wand of flame (20)
Scrolls
 k - a scroll of enchant armour {unknown}
 l - a scroll of fear {unknown}
Potions
 c - a potion of magic
 d - a potion of heal wounds
Comestibles
 b - 2 meat rations
 g - a bread ration


   Skills:
 + Level 4.3 Fighting
 + Level 1.9 Throwing
 + Level 1.4 Armour
 - Level 2.4 Dodging
 - Level 1.5 Stealth
 * Level 5.2 Unarmed Combat


You had 3 spell levels left.
You didn't know any spells.

Dungeon Overview and Level Annotations

Branches:
Dungeon (3/15)

Altars:
Elyvilon
Gozag
Zin

Annotations:
D:3 ZombieSheep's ghost, average DrAE


Message History

MOVING TO (0,-5)
You feel sick. ZombieSheep's ghost hits you.
You are lethally poisoned!
Unknown command.
Unknown command.
Unknown command.
MOVING TO (0,-4)
You feel sick.
Unknown command.
Unknown command.
Unknown command.
MOVING TO (0,-3)
You feel sick. ZombieSheep's ghost hits you.
You are more poisoned.
Unknown command.
Unknown command.
Unknown command.
MOVING TO (0,-2)
You feel sick. ZombieSheep's ghost hits you.
You die...

#.###########.##
############ #.#
####...#### ...........#
#.# #.........(
##########.####.#
#.##...####
................#
#.###.##
#########....#### #.# #.#
###############.# #.#
#~~~~~~~~#......###.#####
#~%..%.%o#######.........
#~...%..W# #.##.#####
#~..%...~# #.##.# #.
#~......~# #.##.# ##.
#~...%..~# #.##.###..
#~~~~~~~~# #.#.#.#.>.
####'##### #.<###....
..... #.#.#..... #######
#.##.).#!#


You could see ZombieSheep's ghost.

Table legend:
 A = Turns spent in this place as a percentage of turns spent in the entire game.
 B = Non-inter-level travel turns spent in this place as a percentage of non-inter-level travel turns spent in the entire game.
 C = Inter-level travel turns spent in this place as a percentage of turns spent in this place.
 D = Turns resting spent in this place as a percentage of non-inter-level travel turns spent in this place.
 E = Turns spent auto-exploring this place as a percentage of non-inter-level travel turns spent in this place.
 F = Non-inter-level travel turns spent in this place divided by the number of levels of this place that you've seen.
                   A       B       C       D       E      F
               +-------+-------+-------+-------+-------+----------------------
         Total | 100.0 | 100.0 |   0.3 |   0.4 |   3.0 | 1107.3
       Dungeon | 100.0 | 100.0 |   0.3 |   0.4 |   3.0 | 1107.3
               +-------+-------+-------+-------+-------+----------------------

Table legend:
 A = Kills in this place as a percentage of kills in entire the game.
 B = Kills by you in this place as a percentage of kills by you in the entire game.
 C = Kills by friends in this place as a percentage of kills by friends in the entire game.
 D = Other kills in this place as a percentage of other kills in the entire game.
 E = Experience gained in this place as a percentage of experience gained in the entire game.
 F = Experience gained in this place divided by the number of levels of this place that you have seen.
                   A       B       C       D       E      F
               +-------+-------+-------+-------+-------+----------------------
         Total | 100.0 | 100.0 |  -nan |  -nan | 100.0 |  45.3
       Dungeon | 100.0 | 100.0 |  -nan |  -nan | 100.0 |  45.3
               +-------+-------+-------+-------+-------+----------------------

Vanquished Creatures
  Ijyb (D:3)
  Jessica (D:3)
  An adder (D:2)
  3 worms
  6 hobgoblins
  8 kobolds
  6 bats
  A giant cockroach (D:1)
  A giant gecko (D:2)
  4 giant newts
  4 goblins (D:2)
  3 rats
39 creatures vanquished.

Vanquished Creatures (others)
  A goblin (D:3)
  A hobgoblin (D:3)
2 creatures vanquished.

Grand Total: 41 creatures vanquished

Notes
Turn   | Place    | Note
--------------------------------------------------------------
     0 | D:1      | gw, the Hill Orc Monk, began the quest for the Orb.
     0 | D:1      | Reached XP level 1. HP: 19/19 MP: 1/1
   479 | D:1      | Reached XP level 2. HP: 27/27 MP: 2/2
   922 | D:2      | Reached skill level 1 in Throwing
  1022 | D:2      | Reached XP level 3. HP: 33/33 MP: 3/3
  1164 | D:2      | Reached skill level 1 in Armour
  1181 | D:2      | Found a white marble altar of Elyvilon.
  1255 | D:2      | Found a glowing silver altar of Zin.
  1506 | D:2      | Found an opulent altar of Gozag.
  1563 | D:2      | Reached skill level 5 in Unarmed Combat
  1950 | D:3      | Became a worshipper of Beogh the Brigand
  1950 | D:3      | Acquired Beogh's first power
  1950 | D:3      | Acquired Beogh's second power
  2086 | D:3      | Noticed Jessica
  2091 | D:3      | Killed Jessica
  2091 | D:3      | Reached XP level 4. HP: 40/40 MP: 4/4
  2203 | D:3      | Noticed Ijyb
  2223 | D:3      | Killed Ijyb
  2316 | D:3      | Noticed ZombieSheep's ghost (average DrAE)
  2340 | D:3      | Slain by ZombieSheep's ghost

Action                   |  1- 3 |  4- 6 || total
-------------------------+-------+-------++-------
Melee: Unarmed           |    70 |    16 ||    86
Throw: Stone             |    38 |       ||    38
       Tomahawk          |    23 |     3 ||    26
Invok: Convert to Beogh  |     1 |       ||     1
Evoke: Wand              |       |     1 ||     1
  Use: Scroll            |     4 |       ||     4
       Potion            |     2 |       ||     2
  Eat: Chunk             |     2 |     2 ||     4

Vault maps used:
D:1:      onia_arrival_mini_spirals
D:2:      nicolae_overflow_crystal_walls, old_standard_altar,
          grunt_gozag_breadcrumbs
D:3:      dk_vineyard_1, uniq_jessica, uniq_iyjb
